AoeStats
← sneakjacks0n

Lombardia

509225758Analyzed
2v2 RM · 6d ago on Sep 26, 2026· 56m 20s· 4 players
Game mode
Random Map
Map size
Medium (4 player)
Population
200
Speed
Normal
Resources
Standard
Victory
Conquest
Starting age
Dark Age
Ending age
Imperial Age
RankedLock teamsTeams togetherTeam positionsShared explorationLock speedFull tech treeHidden civsTurbo modeCheats
Victory
Defeat
🇫🇷 Aztecs · France
861
+17
🇫🇷 Gurjaras · France
850
+22
🇺🇸 Danes · United States
882
-17
🇺🇸 Varangians · United States
879
-17
Demetrius
4:20 Loom
12:42 Feudal Age
13:57 Man-at-Arms
17:11 Horse Collar
17:19 Double-Bit Axe
23:17 Castle Age
21:27 Arson
23:20 Forging
23:12 Scale Mail Armor
23:25 Gold Mining
23:30 Stone Mining
28:43 Bow Saw
30:52 Iron Casting
31:18 Fletching
35:31 Wheelbarrow
36:15 Squires
37:08 Chain Mail Armor
36:49 Bodkin Arrow
38:14 Hand Cart
40:57 Imperial Age
39:26 Hand Cart
43:56 Blast Furnace
44:13 Elite Jaguar Warrior
45:17 Heavy Plow
46:10 Conscription
48:27 Plate Mail Armor
48:00 Bracer
50:50 Garland Wars
TheCommander
12:23 Feudal Age
12:54 Horse Collar
13:02 Double-Bit Axe
22:21 Castle Age
20:38 Stone Mining
20:59 Scale Barding Armor
22:40 Forging
23:08 Husbandry
25:26 Bow Saw
25:17 Heavy Plow
26:26 Fletching
28:15 Bodkin Arrow
31:07 Kshatriyas
32:32 Thumb Ring
33:20 Padded Archer Armor
34:38 Wheelbarrow
33:48 Loom
38:13 Imperial Age
38:13 Hand Cart
38:23 Hand Cart
38:08 Gold Mining
38:12 Stone Mining
38:40 Leather Archer Armor
39:47 Town Watch
39:48 Elite Elephant Archer
41:43 Ballistics
42:24 Chemistry
41:20 Murder Holes
42:52 Gold Shaft Mining
42:29 Siege Elephant
44:03 Chain Barding Armor
45:04 Bracer
45:40 Iron Casting
46:16 Fervor
46:47 Town Patrol
49:55 Frontier Guards
49:56 Conscription
50:31 Elite Chakram Thrower
52:37 Plate Barding Armor
55:53 Hoardings
55:01 Treadmill Crane
sneakjacks0n
6:42 Loom
10:40 Feudal Age
11:04 Horse Collar
11:18 Double-Bit Axe
10:59 Man-at-Arms
15:31 Horse Collar
17:02 Scale Mail Armor
23:09 Castle Age
23:40 Scale Mail Armor
23:50 Forging
23:44 Scale Mail Armor
23:11 Long Swordsman
25:14 Squires
25:00 Gambesons
26:27 Chain Mail Armor
27:21 Fletching
36:04 Arson
43:06 Bow Saw
43:00 Heavy Plow
43:47 Stone Mining
44:28 Town Watch
45:19 Wheelbarrow
45:27 Wheelbarrow
46:10 Ballistics
45:47 Murder Holes
50:29 Imperial Age
52:15 Conscription
54:49 Two-Handed Swordsman
nomadiccoder
6:17 Loom
10:09 Feudal Age
11:22 Double-Bit Axe
12:05 Town Watch
16:00 Horse Collar
20:56 Castle Age
20:40 Forging
20:36 Scale Barding Armor
20:57 Bloodlines
22:11 Husbandry
22:59 Iron Casting
25:08 Town Patrol
25:56 Gold Mining
25:56 Stone Mining
36:55 Fletching
37:07 Padded Archer Armor
38:20 Bow Saw
38:49 Wheelbarrow
38:09 Vendel Legacy
39:14 Bodkin Arrow
41:08 Gambesons
41:23 Squires
42:39 Scale Mail Armor
43:03 Heavy Plow
47:26 Imperial Age
44:56 Arson
47:30 Chain Mail Armor
47:37 Chain Barding Armor
47:33 Leather Archer Armor
47:27 Elite Varangian Guard
48:48 Conscription
51:45 Blast Furnace
53:59 Hand Cart
55:22 Chemistry
54:43 Ballistics
55:25 Chemistry
Connection lost

Rejoining the realm…

Still unreachable

The connection could not be restored.

Session expired

The server has moved on; the page needs a fresh start.